 Dungeon Crawl Stone Soup version 0.27.0-66-gdc8fb28755 (webtiles) character file.

Game seed: 2251724872467702471

16 Spectrina the Covert (level 2, -3/18 HPs)
             Began as a Vampire Delver on Aug 20, 2021.
             Slain by an iguana (11 damage)
             ... on level 4 of the Dungeon.
             The game lasted 00:02:00 (161 turns).

Spectrina the Covert (Vampire Delver)                Turns: 161, Time: 00:02:00

Health: -3/18      AC:  3    Str: 11    XL:     2   Next: 41%
Magic:  2/2        EV: 12    Int: 12    God:
Gold:   0          SH:  0    Dex: 15    Spells: 1/1 levels left

rFire    . . .     SeeInvis +   a - +0 short sword
rCold    + + .     Faith    .   (no shield)
rNeg     + + +     Spirit   .   b - +0 leather armour
rPois    ∞         Reflect  .   (no helmet)
rElec    .         Harm     .   (no cloak)
rCorr    .         Rampage  .   (no gloves)
Will     .....                  (no boots)
Stlth    ++++++....             (no amulet)
HPRegen  0.00/turn              (no ring)
MPRegen  0.08/turn              (no ring)

@: flying, bloodless, inhibited regen
A: bloodless, fangs 3, see invisible, vampiric 1
a: Revivify


You were on level 4 of the Dungeon.
You visited 1 branch of the dungeon, and saw 2 of its levels.

Inventory:

Hand Weapons
 a - a +0 short sword (weapon)
 j - a +0 falchion
Armour
 b - a +0 leather armour (worn)
Wands
 g - a wand of digging (3)
 h - a wand of iceblast (5)
Scrolls
 c - a scroll of fog
 e - a scroll of fear
Potions
 f - 2 potions of haste


   Skills:
 - Level 2.6 Fighting
 - Level 2.1 Short Blades
 - Level 2.1 Dodging
 + Level 8.2 Stealth


You had one spell level left.
You didn't know any spells.
Your spell library was empty.

Dungeon Overview and Level Annotations

Branches:
Dungeon (5/15)
 Temple: D:4-7

Altars:


Innate Abilities, Weirdness & Mutations

You do not regenerate when monsters are visible.
You are frail without blood (-20% HP).
You can heal yourself when you bite living creatures.
You are immune to poison.
You have razor-sharp teeth.
You have supernaturally acute eyesight. (SInv)
You are afflicted with vampirism.


Message History

The jackal is heavily wounded.
The jackal bites you but does no damage.
You hit the jackal but do no damage.
The jackal is heavily wounded.
The jackal misses you.
You miss the jackal.
The jackal is heavily wounded.
The jackal misses you. The jackal barely misses you.
You hit the jackal.
You kill the jackal!
The ball python bites you but does no damage.
The ball python grabs you. The ball python constricts you.
You hit the ball python. You bite the ball python.
You kill the ball python!
The iguana bites you.
Unknown command.
You closely miss the iguana. The iguana bites you.
You hit the iguana but do no damage. You bite the iguana, but do no damage.
You barely miss the iguana. Your bite misses the iguana.
The iguana closely misses you.
You hit the iguana.
The iguana is lightly wounded.
The iguana closely misses you.
You closely miss the iguana.
The iguana is lightly wounded.
The iguana barely misses you.
You hit the iguana but do no damage.
The iguana is lightly wounded.
The iguana misses you.
You hit the iguana but do no damage. You bite the iguana, but do no damage.
The iguana is lightly wounded.
The iguana barely misses you.
You barely miss the iguana. You bite the iguana, but do no damage.
The iguana is lightly wounded.
The iguana bites you but does no damage.
You closely miss the iguana.
The iguana is lightly wounded.
The iguana bites you!
Ouch! That really hurt!
You die...

,,,,,,,,,,,,,,,*#...##...........
,,,,,,,*#......*#!...'...........
,,,,,,,*#......*#....#...........
****,,,,.......+....##..†####...#
,,**,,,,......$##...##...######'#
,,*,,,,,.......*#...##..>........
,,+,,,,*#......*#................
,,*,,,,*#.....l##................
,,*,,,,,.....Zhl@................
,,**,,,,......h##...##...........
,,**,,,,.......*##'###<..........
,,,,,,,*#......*#................
,,,,,,,*#......*#...##....###....
,,,,,,,*.......,#...##....###....
,,,,,,,*.......,#................
,,**,,,*.......,#................
,,**,,,*,,,,,,,,+................


You could see a black bear, 2 iguanas, a jackal and an adder skeleton.

Vanquished Creatures
  An adder (D:4)
  An orc (D:4)
  A ball python (D:4)
  3 jackals (D:4)
6 creatures vanquished.

Notes
Turn   | Place    | Note
-------+----------+-------------------------------------------
     0 | D:5      | Spectrina the Vampire Delver began the quest for the Orb.
     0 | D:5      | Reached XP level 1. HP: 17/17 MP: 1/1
    27 | D:5      | Noticed a scorpion
    34 | D:4      | Reached XP level 2. HP: 9/18 MP: 2/2
    59 | D:4      | Noticed a black bear
   122 | D:4      | Reached skill level 8 in Stealth
   161 | D:4      | Slain by an iguana

Illustrated notes

Levels and vault maps discovered:
D:4:      layout_gridville, nicolae_overflow_crystal_walls,
          nicolae_dithmenos_through_a_glass_darkly, gup_sewer_entry_bowl,
          uniq_crazy_yiuf_cottage
D:5:      layout_cave_pools, nicolae_yredelemnul_corpse_copse,
          minmay_temple_entry_tees, serial_gnoll_camp, gnoll_camp_mini_hut,
          gnoll_camp_mini_basic, gnoll_camp_mini_hut, gnoll_camp_mini_loothouse,
          roderic_lattice_a, minmay_misc_feat_cross

Skill      XL: |  1  2 |
---------------+-------+-----
Stealth        | 8 |  8.2
Fighting       | |  2.6
Short Blades   | |  2.1
Dodging        | |  2.1

Action                   || total
-------------------------++-------
Melee: Short sword       ||    25
       Bite              ||     6
 Abil: Exsanguinate      ||     1
  Use: Scroll            ||     1
       Potion            ||     1
 Stab: Sleeping          ||     1
Armor: Leather armour    ||     9
Dodge: Dodged            ||    26
